 Dungeon Crawl Stone Soup version 0.28-a0-627-g4e9751bbfc (webtiles) character file.

Game seed: 9744422809678928381

21864 KristoblXynda the Fencer (level 12, -14/106 HPs)
             Began as a Purple Draconian Gladiator on Oct 8, 2021.
             Was an Initiate of Gozag.
             Demolished by a two-headed ogre (24 damage)
             ... on level 12 of the Dungeon.
             The game lasted 00:16:38 (14028 turns).

KristoblXynda the Fencer (DrGl)                    Turns: 14028, Time: 00:16:39

Health: -14/106    AC: 14    Str: 25    XL:     12   Next: 57%
Magic:  12/12      EV: 16    Int: 11    God:    Gozag
Gold:   1027       SH:  0    Dex: 13    Spells: 10/11 levels left

rFire   . . .      SeeInvis +   D - +7 scimitar
rCold   . . .      Faith    .   (no shield)
rNeg    . . .      Spirit   .   (armour unavailable)
rPois   .          Reflect  .   b - +0 hat
rElec   .          Harm     .   e - +0 cloak
rCorr   .          Rampage  .   (no gloves)
Will    +....                   f - +0 pair of boots
Stlth   +.........              (no amulet)
HPRegen 0.27/turn               u - +4 ring of protection
MPRegen 0.13/turn               q - ring "Iplaga Sibbe" {Str+6 SInv}

@: spiked, gold aura, studying Evocations
A: breathe power, AC +8, unfitting armour, cold-blooded
a: Breathe Dispelling Energy, Renounce Religion, Potion Petition, Call Merchant,
Bribe Branch


You were on level 12 of the Dungeon.
You worshipped Gozag.
Gozag was most pleased with you.
You visited 2 branches of the dungeon, and saw 13 of its levels.
You also visited: Sewer.

You collected 2894 gold pieces.
You spent 1309 gold pieces at shops.
You paid 558 gold pieces to Gozag.

Inventory:

Hand Weapons
 a - a +2 double sword of flaming
 D - a +7 scimitar (weapon)
Missiles
 c - 3 throwing nets (quivered)
Armour
 b - a +0 hat (worn)
 e - a +0 cloak (worn)
 f - a +0 pair of boots (worn)
 C - a +0 kite shield
Jewellery
 g - a ring of flight
 m - a ring of poison resistance
 q - the ring "Iplaga Sibbe" (right hand) {Str+6 SInv}
   (You acquired it on level 3 of the Dungeon)

   [ring of strength]

   Str:       It affects your strength (+6).
   SInv:      It lets you see invisible.
 t - a ring of ice
 u - a +4 ring of protection (left hand)
 x - a ring of willpower
 y - a ring of wizardry
 z - the ring "Diul" {Will+ EV+4 Str-5 Dex+8 Stlth-}
   (You found it on level 6 of the Dungeon)

   [ring of evasion]

   EV:        It affects your evasion (+4).
   Str:       It affects your strength (-5).
   Dex:       It affects your dexterity (+8).
   Will:      It increases your willpower.
   Stlth:     It makes you less stealthy.
 A - a ring of protection from cold
Wands
 d - a wand of iceblast (13)
 p - a wand of mindburst (7)
Scrolls
 h - 8 scrolls of teleportation
 k - 3 scrolls of blinking
 r - 4 scrolls of identify
 s - 4 scrolls of immolation
 v - 3 scrolls of fog
 F - a scroll of magic mapping
Potions
 i - 2 potions of haste
 j - 2 potions of magic
 l - 2 potions of brilliance
 n - 11 potions of curing
 o - 3 potions of attraction
 w - 4 potions of flight
 E - 2 potions of mutation
 G - a potion of cancellation
 H - a potion of resistance
 I - a potion of ambrosia


   Skills:
 - Level 10.1 Fighting
 + Level 15.2 Long Blades
 - Level 2.0 Throwing
 + Level 10.3 Dodging
 + Level 7.3 Shields
 + Level 10.9 Evocations


You had 10 spell levels left.
You knew the following spells:

 Your Spells              Type           Power      Damage    Failure   Level
a - Magic Dart            Conj           0%         1d3       34%         1

Your spell library contained the following spells:

 Spells                   Type           Power      Damage    Failure   Level
 Beastly Appendage        Tmut           0%         N/A       34%         1
 Summon Small Mammal      Summ           0%         N/A       34%         1
 Corpse Rot               Necr/Air       N/A        N/A       47%         2
 Poisonous Vapours        Pois/Air       0%         N/A       47%         2
 Searing Ray              Conj           0%         2d4       47%         2
 Wereblood                Tmut           0%         N/A       47%         2
 Call Canine Familiar     Summ           0%         N/A       71%         3
 Dazzling Flash           Conj/Hex       0%         N/A       71%         3
 Ozocubu's Armour         Ice            0%         N/A       71%         3
 Spider Form              Tmut/Pois      0%         N/A       71%         3
 Fulminant Prism          Conj/Hex       0%         3d6       98%         4
 Leda's Liquefaction      Hex/Erth       0%         N/A       98%         4
 Agony                    Necr           0%         N/A       100%        5
 Blade Hands              Tmut           0%         N/A       100%        5
 Irradiate                Conj/Tmut      0%         3d14      100%        5
 Lee's Rapid Deconstruct  Erth           0%         3d5*      100%        5
 Silence                  Hex/Air        0%         N/A       100%        5
 Statue Form              Tmut/Erth      0%         N/A       100%        6
 Dragon Form              Tmut           0%         N/A       100%        7
 Ozocubu's Refrigeration  Ice            0%         4d5       100%        7
 Storm Form               Tmut/Air       0%         N/A       100%        7
 Chain Lightning          Conj/Air       0%         N/A       100%        9
 Fire Storm               Conj/Fire      0%         5d1       100%        9
 Shatter                  Erth           0%         3d5*      100%        9


Dungeon Overview and Level Annotations

Branches:
Dungeon (12/15)            Temple (1/1) D:6            Lair (0/6) D:11
  Sewer (visited)
    Orc: D:9-12

Altars:
Ashenzari
Cheibriados
Dithmenos
Elyvilon
Fedhas
Gozag
Hepliaklqana
Kikubaaqudgha
Makhleb
Nemelex Xobeh
Okawaru
Qazlal
Ru
Sif Muna
Trog
Uskayaw
Vehumet
Wu Jian
Xom
Yredelemnul
Zin
The Shining One

Shops:
D:8 **!   D:10 (?!(:   D:11 ?


Innate Abilities, Weirdness & Mutations

You can breathe bolts of dispelling energy.
Your rich purple scales are hard. (AC +8)
You cannot fit into any form of body armour.
You are cold-blooded and may be slowed by cold attacks.


Message History

You feel much better.
The two-headed ogre is distracted by your dazzling golden aura.
The troll is distracted by your dazzling golden aura.
Unknown command.
The troll is no longer distracted by gold.
The two-headed ogre is no longer distracted by gold.
You barely miss the troll.
You tail-slap the troll, but do no damage.
You closely miss the troll.
Your tail-slap misses the troll.
The troll closely misses you. The troll claws you!
The troll claws you but does no damage.
You slice the troll!! You tail-slap the troll.
The troll is severely wounded.
The troll bites you. The troll barely misses you.
The troll claws you but does no damage.
That's the wrong kind of item! (Use * to select it.) Evoke which item? (* to show all) (? for menu, Esc to quit)
Okay, then.
Hit: D) +7 scimitar
Press: ? - help, Dir - move target, f - troll
Aim: a troll (severely wounded, about 27% to evade your +7 scimitar)
Okay, then.
Aiming: Iceblast
Press: ? - help, Shift-Dir - straight line The mass of ice explodes!
The iceblast engulfs the two-headed ogre!!
The two-headed ogre is heavily wounded.
The iceblast engulfs the troll!!
You kill the troll!
The iceblast engulfs the cyclops!!
The cyclops is severely wounded.
Unknown command.
You slash the two-headed ogre!
Your tail-slap misses the two-headed ogre.
The two-headed ogre is severely wounded.
The two-headed ogre hits you with a +0 giant spiked club!!
* * * LOW HITPOINT WARNING * * *
The two-headed ogre hits you with a +0 giant spiked club!!
You die...
Your body crumbles into a pile of gold.

$ ######
##....## ##
##......# # .
#.O@# .#
#.##.#.C## ..#
#.# #..$$#$$##
#..# #.#
.......$$$##...#
#.#
....$.$.$.$...#
#.#
.........$$..##
#.###
..........####
#...#####
......$.....#
##.<......
.T..........###
#.........


You could see a two-headed ogre and a cyclops.

Vanquished Creatures
  A hydra (D:12)
  A centaur warrior (D:11)
  7 two-headed ogres
  The ghost of WhatIsLove the Grappler, a novice TrMo of Cheibriados (D:8)
  A flayed ghost (D:8)
  An ugly thing (D:11)
  A cyclops (D:12)
  2 manticores (D:12)
  A gargoyle (D:10)
  An unseen horror (D:12)
  11 trolls
  Grinder (D:3)
  A hornet (D:8)
  A slime creature (D:12)
  3 shadows
  A water elemental (D:11)
  Sigmund (D:6)
  4 wraiths (D:8)
  9 yaks
  5 wyverns
  2 fire bats (D:8)
  A basilisk (D:11)
  7 vampire mosquitoes (D:11)
  Grum (D:10)
  5 water moccasins
  3 sky beasts
  An orc warrior (D:9)
  A black bear (D:5)
  An ice beast (D:5)
  2 ogres
  2 wolves (D:10)
  14 centaurs
  3 bullfrogs
  2 gnoll sergeants
  A wyvern zombie (D:7)
  2 scorpions
  4 howler monkeys
  22 wights
  4 electric eels (D:11)
  5 centaur zombies
  A centaur skeleton (D:6)
  A gnoll shaman (D:7)
  5 hounds
  10 orc priests
  2 jellies
  3 iguanas
  10 orc wizards
  Natasha (twice) (D:2)
  A hound skeleton (D:5)
  Robin (D:4)
  11 gnolls
  7 adders
  A howler monkey skeleton (D:7)
  3 shadow imps
  2 adder skeletons (D:4)
  2 worms
  4 dart slugs
  23 orcs
  17 bats
  An endoplasm (D:1)
  6 giant cockroaches
  4 hobgoblins
  8 kobolds
  9 quokkas
  5 ball pythons
  A frilled lizard (D:1)
  15 goblins
  8 rats
300 creatures vanquished.

Vanquished Creatures (others)
  2 bushes (D:11)
  3 fungi (D:11)
  79 plants (D:11)
84 creatures vanquished.

Grand Total: 384 creatures vanquished

Notes
Turn   | Place    | Note
-------+----------+-------------------------------------------
     0 | D:1      | KristoblXynda the Draconian Gladiator began the quest for
                  | the Orb.
     0 | D:1      | Reached XP level 1. HP: 17/17 MP: 1/1
   190 | D:1      | Reached XP level 2. HP: 25/25 MP: 2/2
   294 | D:1      | Found a faded altar of an unknown god.
   825 | D:2      | Reached XP level 3. HP: 30/30 MP: 3/3
   861 | D:2      | Noticed Natasha
   864 | D:2      | Killed Natasha
  1058 | D:2      | Noticed Natasha
  1065 | D:2      | Killed Natasha
  1066 | D:2      | Reached skill level 4 in Long Blades
  1066 | D:2      | Reached XP level 4. HP: 32/38 MP: 4/4
  1154 | D:2      | Found a radiant altar of Vehumet.
  1671 | D:3      | Reached XP level 5. HP: 39/45 MP: 5/5
  1854 | D:3      | Noticed Grinder
  1859 | D:3      | Identified 4 scrolls of acquirement
  1859 | D:3      | Acquired a +1 double sword of flaming
  1866 | D:3      | Killed Grinder
  1867 | D:3      | Reached skill level 5 in Long Blades
  1867 | D:3      | Reached XP level 6. HP: 43/52 MP: 6/6
  1867 | D:3      | Acquired a manual of Long Blades
  1917 | D:3      | Acquired the ring "Iplaga Sibbe" {Str+6 SInv}
  1922 | D:3      | Acquired 853 gold pieces
  2621 | D:3      | Reached skill level 6 in Long Blades
  2979 | D:4      | Found a glowing drain.
  2998 | Sewer    | Entered a sewer
  3035 | Sewer    | Noticed a water moccasin
  3048 | Sewer    | Killed a water moccasin
  3049 | Sewer    | Your scales start taking on a rich purple colour.
  3049 | Sewer    | Reached XP level 7. HP: 18/60 MP: 7/7
  3333 | D:4      | Reached skill level 7 in Long Blades
  3507 | D:4      | Noticed Robin
  3524 | D:4      | Killed Robin
  3769 | D:4      | Reached skill level 5 in Fighting
  4110 | D:4      | Reached skill level 8 in Long Blades
  4531 | D:5      | Entered Level 5 of the Dungeon
  4672 | D:5      | Reached skill level 5 in Dodging
  4672 | D:5      | Reached XP level 8. HP: 69/69 MP: 8/8
  4779 | D:5      | Reached skill level 9 in Long Blades
  5241 | D:6      | Reached skill level 10 in Long Blades
  5374 | D:6      | Identified the ring "Diul" {Will+ EV+4 Str-5 Dex+8 Stlth-}
  5378 | D:6      | Learned a level 1 spell: Magic Dart
  5408 | D:6      | Noticed Sigmund
  5424 | D:6      | Killed Sigmund
  5425 | D:6      | Reached skill level 1 in Evocations
  5433 | D:6      | Found a staircase to the Ecumenical Temple.
  5441 | Temple   | Entered the Ecumenical Temple
  5763 | Temple   | Became a worshipper of Gozag Ym Sagoz the Greedy
  6211 | D:7      | Reached XP level 9. HP: 78/78 MP: 9/9
  6341 | D:7      | Reached skill level 11 in Long Blades
  7320 | D:8      | Found Teqaq's General Store.
  7856 | D:8      | Found Nuor's General Store.
  7862 | D:8      | Bought a scroll of fear for 52 gold pieces
  7862 | D:8      | Bought a potion of curing for 45 gold pieces
  7888 | D:8      | Reached skill level 12 in Long Blades
  7932 | D:8      | Found Ceygonim's Distillery.
  7936 | D:8      | Bought a potion of mutation for 96 gold pieces
  7936 | D:8      | Bought a potion of curing for 36 gold pieces
  7936 | D:8      | Bought a potion of mutation for 96 gold pieces
  7936 | D:8      | Bought a potion of curing for 36 gold pieces
  8143 | D:8      | Found a runed translucent gate.
  8143 | D:8      | Found a runed translucent gate.
  8143 | D:8      | Found a runed translucent gate.
  8144 | D:8      | Noticed WhatIsLove's ghost (novice TrMo)
  8270 | D:8      | Found a runed translucent door.
  8341 | D:8      | Found a shimmering altar of Xom.
  8350 | D:8      | Found a bloodstained altar of Trog.
  8405 | D:8      | Found a shimmering blue altar of Sif Muna.
  8436 | D:8      | Reached XP level 10. HP: 69/88 MP: 10/10
  8512 | D:8      | Found a radiant altar of Vehumet.
  8518 | D:8      | Reached skill level 5 in Evocations
  8527 | D:8      | Found a glowing golden altar of the Shining One.
  8613 | D:8      | Found a shadowy altar of Dithmenos.
  8751 | D:8      | Noticed a flayed ghost
  8845 | D:8      | Killed WhatIsLove's ghost
  9232 | D:9      | Found an iron altar of Okawaru.
  9254 | D:9      | Reached skill level 13 in Long Blades
  9254 | D:9      | Reached skill level 1 in Shields
  9502 | D:9      | Noticed a two-headed ogre
  9739 | D:8      | Killed a flayed ghost
  9747 | D:8      | Got the Tome of the Gliding Entourage
  9815 | D:9      | Killed a two-headed ogre
 10050 | D:9      | Noticed a two-headed ogre
 10057 | D:9      | Killed a two-headed ogre
 10058 | D:9      | Reached XP level 11. HP: 75/99 MP: 11/11
 10539 | D:10     | Entered Level 10 of the Dungeon
 10709 | D:10     | Reached skill level 14 in Long Blades
 10887 | D:10     | Found Wipliepo's Magic Scroll Shoppe.
 10894 | D:10     | Bought a scroll of acquirement for 676 gold pieces
 10895 | D:10     | Acquired a manual of Evocations
 11013 | D:10     | Found Hiref's Antique Weapon Emporium.
 11023 | D:10     | Noticed a two-headed ogre
 11026 | D:10     | Reached skill level 10 in Fighting
 11030 | D:10     | Killed a two-headed ogre
 11056 | D:10     | Noticed Grum
 11063 | D:10     | Killed Grum
 11135 | D:10     | Noticed a two-headed ogre
 11140 | D:10     | Killed a two-headed ogre
 11346 | D:10     | Found Xihofuh's Distillery.
 11349 | D:10     | Bought 2 potions of curing for 96 gold pieces
 11349 | D:10     | Bought a potion of cancellation for 128 gold pieces
 11349 | D:10     | Bought a potion of curing for 48 gold pieces
 11371 | D:10     | Found Bihomyas's Book Boutique.
 11406 | D:10     | Found Kade's Weapon Shoppe.
 11504 | D:11     | Noticed a two-headed ogre
 11519 | D:11     | Killed a two-headed ogre
 11782 | D:11     | Noticed a white ugly thing
 11788 | D:11     | Killed a white ugly thing
 11789 | D:11     | Reached skill level 5 in Shields
 11946 | D:11     | Noticed a centaur warrior
 11963 | D:11     | Killed a centaur warrior
 12798 | D:11     | Found Gubeaf's Magic Scroll Shop.
 12893 | D:11     | Reached XP level 12. HP: 49/106 MP: 12/12
 13216 | D:11     | Noticed a two-headed ogre
 13223 | D:11     | Killed a two-headed ogre
 13234 | D:11     | Found a staircase to the Lair.
 13961 | D:12     | Reached skill level 15 in Long Blades
 13979 | D:12     | Reached skill level 10 in Evocations
 13987 | D:12     | Noticed a seven-headed hydra
 13990 | D:12     | Noticed a two-headed ogre
 13998 | D:12     | Killed a five-headed hydra
 13999 | D:12     | Reached skill level 10 in Dodging
 14011 | D:12     | Noticed a two-headed ogre
 14015 | D:12     | HP: 2/106 [manticore/volley of spikes (13)]
 14018 | D:12     | Killed a two-headed ogre
 14028 | D:12     | Demolished by a two-headed ogre

Illustrated notes

Levels and vault maps discovered:
D:1:      wheals_arrival_shading, layout_rooms,
          chequers_ecumenical_altar_island, minmay_split_cup_small
D:2:      layout_loops_ring, basic_altar, uniq_natasha
D:3:      layout_basic, grunt_decor_clamped, uniq_grinder
D:4:      layout_layer_cave, gup_sewer_entry_pipe, minmay_unequal, uniq_robin
D:5:      layout_rooms
D:6:      layout_basic, minmay_temple_entry_nine_rooms, uniq_sigmund
D:7:      layout_loops_ring, serial_glass, glass_columns_b, glass_columns_b,
          feat_on_display, grunt_ministairs_4
D:8:      due_megacathedral, layout_basic, serial_shops, nicolae_diamond_shop,
          shop, shop, ebering_ghost_rock_garden, minmay_holes,
          grunt_decor_resistance
D:9:      layout_stronghold, okawaru_gym_becter
D:10:     layout_long_grid, serial_shops, kennysheep_mini, kennysheep_mini_moat,
          kennysheep_little_box, shop, nicolae_shop_statue_plus, uniq_grum
D:11:     layout_layer_cave, minmay_lair_entry_grove, serial_shops,
          nicolae_stop_n_shop_1, serial_bayou, serial_bayou_lake_a,
          serial_bayou_pond_d, serial_bayou_crossing, serial_bayou_shore_a
D:12:     minmay_four_partial_circles, layout_cave_pods,
          minmay_orc_entry_guard_dogs, enter_trove_5,
          minmay_fractal_squares_diagonal_5, uniq_nessos
Temple:   nicolae_temple_the_god_donut

Skill      XL: |  1  2  3  4  5  6  7  8  9 10 11 12 |
---------------+-------------------------------------+-----
Throwing       | 2 |  2.0
Dodging        | 3 4 5 7 8 9 10 | 10.3
Fighting       | 3 4 5 6 8 9 10 | 10.1
Long Blades    | 4 5 6 8 10 12 13 14 15 | 15.2
Evocations     | 2 4 5 8 10 | 10.9
Shields        | 3 6 7 |  7.3

Action                   |  1- 3 |  4- 6 |  7- 9 | 10-12 || total
-------------------------+-------+-------+-------+-------++-------
Melee: Long sword        |    81 |   126 |   330 |   111 ||   648
       Tailslap          |     6 |    17 |    50 |    75 ||   148
       Scimitar          |       |       |       |   294 ||   294
       Double sword      |       |       |       |     2 ||     2
Invok: Potion Petition   |       |       |       |     1 ||     1
 Abil: Breathe Dispellin |       |       |     2 |     2 ||     4
Evoke: Wand              |       |       |       |    15 ||    15
  Use: Scroll            |       |    10 |     8 |     5 ||    23
       Potion            |       |       |       |     2 ||     2
 Stab: Sleeping          |     1 |       |       |     1 ||     2
       Distracted        |       |       |     5 |       ||     5
Armor: Skin              |    34 |    52 |   129 |   157 ||   372
Dodge: Dodged            |    48 |    93 |   216 |   396 ||   753

Table legend: (Time is in decaauts)
 A = Elapsed time spent in this place.
 B = Non-inter-level travel time spent in this place.
 C = Inter-level travel time spent in this place.
 D = Time resting spent in this place.
 E = Time spent auto-exploring this place.
 F = Levels seen in this place.
 G = Mean time per level.
                   A        B        C        D        E       F      G
               +--------+--------+--------+--------+--------+-----+--------+
         Total |  14037 |  13672 |    365 |   2119 |   9380 |  14 | 1002.6 |
       Dungeon |  13391 |  13049 |    342 |   1934 |   9093 |  12 | 1115.9 |
        Temple |    346 |    323 |     23 |      0 |    261 |   1 |  346.0 |
         Sewer |    298 |    298 |      0 |    185 |     26 |   1 |  298.0 |
               +--------+--------+--------+--------+--------+-----+--------+

Top non-repeatable levels by time:
    D:11: 2259 daAuts
     D:8: 2016 daAuts
     D:4: 1436 daAuts
     D:9: 1212 daAuts
     D:3: 1204 daAuts
     D:7: 1097 daAuts
     D:2: 1000 daAuts
    D:10: 944 daAuts
     D:6: 832 daAuts
     D:1: 638 daAuts
     D:5: 487 daAuts
  Temple: 346 daAuts
   Sewer: 298 daAuts
    D:12: 261 daAuts
